 Dungeon Crawl Stone Soup version 0.25.1-2-g60ff931df9 (webtiles) character file.

Game seed: 15831530036427534903

44 Delamore the Shield-Bearer (level 3, -16/24 HPs)
             Began as a Gargoyle Fighter on Aug 31, 2020.
             Demolished by an ogre
             ... wielding a +0 giant club
              (24 damage)
             ... on level 4 of the Dungeon.
             The game lasted 00:00:59 (1124 turns).

Delamore the Shield-Bearer (Gargoyle Fighter)       Turns: 1124, Time: 00:01:00

Health: -16/24     AC: 10    Str: 20    XL:     3   Next: 62%
Magic:  3/3        EV:  7    Int: 14    God:
Gold:   35         SH:  9    Dex:  9    Spells: 2/2 levels left

rFire    . . .     SeeInvis .   a - +0 flail
rCold    . . .     Gourm    .   c - +0 kite shield
rNeg     + . .     Faith    .   b - +0 scale mail
rPois    ∞         Spirit   .   (no helmet)
rElec    +         Reflect  .   (no cloak)
rCorr    .         Harm     .   (no gloves)
MR       .....                  (no boots)
Stlth    ..........             (no amulet)
HPRegen  0.08/turn              j - +6 ring of intelligence
MPRegen  0.08/turn              (no ring)

@: no status effects
A: negative energy resistance 1, electricity resistance, unbreathing,
petrification resistance, rot immunity, AC +3
a: no special abilities


You were on level 4 of the Dungeon.
You were hungry.

You visited 1 branch of the dungeon, and saw 3 of its levels.

You collected 35 gold pieces.

Inventory:

Hand Weapons
 a - a +0 flail (weapon)
Armour
 b - a +0 scale mail (worn)
 c - a +0 kite shield (worn)
Jewellery
 j - a +6 ring of intelligence (left hand)
Wands
 g - a wand of flame (7)
Scrolls
 e - a scroll of amnesia
 h - 3 scrolls of identify
Potions
 d - 2 potions of might
 i - a potion of haste {unknown}
 k - a potion of curing {unknown}
 l - a potion of flight {unknown}
 m - a potion of mutation {unknown}
 n - a potion of ambrosia {unknown}
Comestibles
 f - 2 rations


   Skills:
 + Level 3.7 Fighting
 + Level 2.6 Maces & Flails
 + Level 3.7 Armour
 + Level 3.7 Shields


You had 2 spell levels left.
You didn't know any spells.
Your spell library was empty.

Dungeon Overview and Level Annotations

Branches:
Dungeon (2/15)

Altars:


Innate Abilities, Weirdness & Mutations

You are resistant to torment.
Your stone body is resilient. (AC +3)
You are immune to poison.
You resist negative energy. (rN+)
You are resistant to electric shocks. (rElec)
You can survive without breathing.
You are immune to petrification.
You are immune to rotting.


Message History

Aim: an ogre, wielding a +0 giant club (lightly wounded)
The puff of flame hits the ogre.
The ogre is moderately wounded.
You thump the ogre!
The ogre is severely wounded.
The ogre barely misses you.
You hit the ogre but do no damage.
The ogre is severely wounded.
The ogre hits you with a +0 giant club!
You hit the ogre but do no damage.
The ogre is severely wounded.
You block the ogre's attack.
Your shield prevents you from hitting the ogre.
The ogre is severely wounded.
The ogre hits you with a +0 giant club.
You closely miss the ogre.
The ogre is severely wounded.
The ogre hits you with a +0 giant club!!
Ouch! That really hurt!
You die...

#.......# +.......# !
.......+ ..
......############...
#.................# #
#.................# +
#.................# #
#..........O@.....+
#####.................#
.........#+####+#.....#
.........# .....#
.........# .....#
.........# .....#
.........# <....#
########## .#+### #


You could see an ogre.

Vanquished Creatures
  Jessica (D:2)
  A dart slug (D:2)
  A leopard gecko (D:1)
  2 goblins
  3 hobgoblins
  2 bats
  A frilled lizard (D:1)
  3 kobolds
  3 rats
17 creatures vanquished.

Notes
Turn   | Place    | Note
-------+----------+-------------------------------------------
     0 | D:1      | Delamore the Gargoyle Fighter began the quest for the Orb.
     0 | D:1      | Reached XP level 1. HP: 14/14 MP: 1/1
   641 | D:1      | Reached XP level 2. HP: 17/19 MP: 2/2
  1046 | D:2      | Noticed Jessica
  1048 | D:2      | Killed Jessica
  1048 | D:2      | Reached XP level 3. HP: 24/24 MP: 3/3
  1095 | D:2      | You fall into a shaft and drop 2 floors!
  1107 | D:4      | Noticed an ogre
  1124 | D:4      | Demolished by an ogre

Illustrated notes

Levels and vault maps discovered:
D:1:      saegor_arrival_simple_a, layout_basic
D:2:      layout_loops_cross, uniq_jessica, uniq_crazy_yiuf_cottage
D:4:      layout_gridville, portal_sewer_entry_a, serial_shops, shop,
          minivault_26, uniq_menkaure

Action                   || total
-------------------------++-------
Melee: Flail             ||    74
Evoke: Wand              ||     2
  Use: Scroll            ||     1
Armor: Scale mail        ||    47
Dodge: Dodged            ||    17
Block: Kite shield       ||    36
